[Event "11th LCC Rapid 2019"]
[Site "London"]
[Date "2019.12.07"]
[Round "1.26"]
[White "Sandhu, Manvith"]
[Black "Orgler, Philipp"]
[Result "1/2-1/2"]
[WhiteElo "1673"]
[BlackElo "2056"]
[PlyCount "122"]
[EventDate "2019.12.08"]
[EventType "swiss"]
[EventCountry "ENG"]
[TimeControl "15+10"]
[WhiteClock "0:01:41"]
[BlackClock "0:00:25"]

1. e4 b6 2. d4 Bb7 3. Nc3 e6 4. Nf3 Bb4 5. Bd3 Nf6 6. Qe2 d5 7. e5 Ne4 8. Bd2 Nxd2 9. Qxd2 O-O 10. a3 Be7 11. Ne2 Ba6 12. Bxa6 Nxa6 13. Qd3 Nb8 14. b4 c5 15. c3 a5 16. b5 a4 17. O-O c4 18. Qc2 Qe8 19. Rfb1 Ra5 20. Qb2 Nd7 21. Re1 f6 22. Nf4 Nxe5 23. dxe5 fxe5 24. Nxe6 Rxf3 25. gxf3 Qg6+ 26. Kh1 Qxe6 27. Qe2 Rxb5 28. Qxe5 Qxe5 29. Rxe5 Bf6 30. Re3 d4 31. cxd4 Bxd4 32. Re8+ Kf7 33. Rae1 Bf6 34. R8e4 Rb3 35. Rxc4 Rxa3 36. Rb1 Rb3 37. Rxb3 axb3 38. Rb4 b2 39. Rxb6 Kg6 40. Rb5 Be5 41. f4 Bf6 42. Kg2 Kh6 43. Kf3 Kg6 44. Ke2 Kh6 45. Kd3 Kg6 46. Kc2 Kh6 47. f3 Kg6 48. h4 Kf7 49. Re5 Bxh4 50. Rh5 Bf6 51. Rxh7 Kg6 52. Rh8 Kf5 53. Rb8 Kxf4 54. Rb3 Be5 55. Kb1 g5 56. Kc2 Bd4 57. Kb1 Be3 58. Kxb2 Kxf3 59. Rb8 g4 60. Rg8 g3 61. Rxg3+ Kxg3 1/2-1/2

[Event "11th LCC Rapid 2019"]
[Site "London"]
[Date "2019.12.07"]
[Round "1.31"]
[White "Arkell, Keith C"]
[Black "Chakanyuka, Charles"]
[Result "1-0"]
[WhiteElo "2453"]
[BlackElo "1995"]
[PlyCount "99"]
[EventDate "2019.12.08"]
[EventType "swiss"]
[EventCountry "ENG"]
[TimeControl "15+10"]
[WhiteClock "0:05:17"]
[BlackClock "0:18:09"]

1. d4 Nf6 2. Nf3 g6 3. c4 Bg7 4. Nc3 O-O 5. g3 d6 6. Bg2 Nc6 7. O-O e5 8. dxe5 Nxe5 9. b3 Nfg4 10. Bb2 Nxf3+ 11. Bxf3 Ne5 12. Bg2 Nc6 13. Qd2 Bf5 14. Nd5 Qd7 15. Nf6+ Bxf6 16. Bxf6 Qe6 17. Bb2 Be4 18. f3 Bf5 19. e4 Bxe4 20. fxe4 Ne5 21. Qd5 c6 22. Qxe6 fxe6 23. Rad1 Nf7 24. Rf6 Rae8 25. Rdf1 Nd8 26. e5 d5 27. cxd5 cxd5 28. Ba3 Rf7 29. Bh3 Kg7 30. Bd6 a6 31. Bg4 h6 32. Be2 Rxf6 33. Rxf6 Nf7 34. Bd3 g5 35. Rg6+ Kh8 36. Kf2 g4 37. Rxg4 Nxd6 38. exd6 Rd8 39. Rg6 Rxd6 40. Rxh6+ Kg7 41. Rh7+ Kf6 42. Ke3 b5 43. h4 Ke5 44. Rh5+ Kf6 45. Kd4 Rd8 46. Rh6+ Kf7 47. Ke5 Rc8 48. Rf6+ Kg7 49. Rxe6 Rc3 50. Kd4 1-0

[Event "11th LCC Rapid 2019"]
[Site "London"]
[Date "2019.12.07"]
[Round "2.1"]
[White "Lucchi, Lorenzo"]
[Black "Gordon, Stephen J"]
[Result "1/2-1/2"]
[WhiteElo "2089"]
[BlackElo "2495"]
[PlyCount "117"]
[EventDate "2019.12.08"]
[EventType "swiss"]
[EventCountry "ENG"]
[TimeControl "15+10"]
[WhiteClock "0:00:21"]
[BlackClock "0:01:25"]

1. e4 c5 2. Nf3 d6 3. g3 Nc6 4. Bg2 g6 5. d4 cxd4 6. Nxd4 Bg7 7. Nxc6 bxc6 8. O-O Qc7 9. Nc3 Rb8 10. Qf3 Bb7 11. Be3 Ba8 12. Rfe1 Rxb2 13. e5 Bxe5 14. Ne4 Kf8 15. Rad1 Rxc2 16. Bf4 Bxf4 17. gxf4 d5 18. Qb3 Rc4 19. Rb1 Nf6 20. Nxf6 Kg7 21. Ng4 Rxf4 22. Qg3 Rb8 23. Rxb8 Qxb8 24. Rxe7 Qb4 25. Ne3 h5 26. Rxa7 h4 27. Qg5 Qe1+ 28. Nf1 Qxf2+ 29. Kh1 Qxa7 30. Qxf4 Qxa2 31. Qd4+ Kg8 32. Qxh4 Qa1 33. Kg1 Bb7 34. Qd8+ Kg7 35. Qb6 Ba6 36. Qxc6 Qd4+ 37. Kh1 Qa1 38. Kg1 Qd4+ 39. Kh1 Bc4 40. Qa4 Qf2 41. Qa1+ d4 42. Ng3 Kh7 43. Qc1 Be6 44. Ne4 Qe3 45. Qxe3 dxe3 46. Kg1 Kh6 47. Kf1 f5 48. Nc3 Bc4+ 49. Ke1 Kg5 50. Nd5 f4 51. Bf3 Bxd5 52. Bxd5 Kg4 53. Be6+ Kf3 54. Bd5+ Kg4 55. Be6+ Kf3 56. Bd5+ Kg4 57. Be6+ Kf3 58. Bd5+ Kg4 59. Be6+ {[%emt 0:00:01] Kf5 [%clk 00:00:00]} 1/2-1/2

[Event "11th LCC Rapid 2019"]
[Site "London"]
[Date "2019.12.07"]
[Round "2.2"]
[White "Hebden, Mark L"]
[Black "Brozel, Sacha"]
[Result "1-0"]
[WhiteElo "2433"]
[BlackElo "2188"]
[PlyCount "121"]
[EventDate "2019.12.08"]
[EventType "swiss"]
[EventCountry "ENG"]
[TimeControl "15+10"]
[WhiteClock "0:00:19"]
[BlackClock "0:08:45"]

1. d4 Nf6 2. Nc3 d5 3. Bf4 c5 4. e3 cxd4 5. exd4 a6 6. Bd3 Nc6 7. Nge2 Bg4 8. f3 Bh5 9. g4 Bg6 10. h4 e6 11. h5 Bxd3 12. Qxd3 h6 13. O-O-O Bd6 14. Qe3 b5 15. Kb1 Rc8 16. Rhe1 Qc7 17. Bxd6 Qxd6 18. Qf4 Qxf4 19. Nxf4 Kd7 20. Nd3 Kc7 21. Ne5 Nxe5 22. Rxe5 Kd6 23. Re3 Rc6 24. Ne2 Rhc8 25. c3 a5 26. Nf4 Rb6 27. Nd3 Rc7 28. Rg1 Rb8 29. a3 Rh8 30. Re2 Nd7 31. g5 hxg5 32. Rxg5 Nf6 33. Rxg7 Nxh5 34. Rh2 Nxg7 35. Rxh8 f6 36. Rf8 Nh5 37. Ra8 a4 38. Ra5 e5 39. Ra6+ Rc6 40. dxe5+ fxe5 41. Rxc6+ Kxc6 42. Nxe5+ Kc5 43. Kc2 d4 44. Kd3 Nf4+ 45. Ke4 dxc3 46. bxc3 Ne2 47. Kd3 Nf4+ 48. Kd2 Kd5 49. Nd3 Ne6 50. Nb2 Kd6 51. Ke3 Ke5 52. c4 b4 53. Nd3+ Kd6 54. axb4 a3 55. Nc1 Ke5 56. Na2 Nf4 57. b5 Ne6 58. f4+ Nxf4 59. b6 Ng2+ 60. Kf2 Kd6 61. Kxg2 1-0

[Event "11th LCC Rapid 2019"]
[Site "London"]
[Date "2019.12.07"]
[Round "2.3"]
[White "Eames, Robert S"]
[Black "Arkell, Keith C"]
[Result "1/2-1/2"]
[WhiteElo "2150"]
[BlackElo "2453"]
[PlyCount "83"]
[EventDate "2019.12.08"]
[EventType "swiss"]
[EventCountry "ENG"]
[TimeControl "15+10"]

1. e4 c6 2. d4 d5 3. e5 c5 4. dxc5 Nc6 5. a3 Nxe5 6. b4 Nf6 7. Bb2 Nc6 8. Nf3 Bg4 9. Bb5 e6 10. Nbd2 Be7 11. h3 Bxf3 12. Qxf3 O-O 13. O-O a5 14. Bxc6 bxc6 15. c4 Qb8 16. Qc3 Qb7 17. Nb3 axb4 18. axb4 Rfb8 19. Na5 Qc7 20. cxd5 exd5 21. Rfe1 Bf8 22. Qe5 Qxe5 23. Bxe5 Rc8 24. Nb7 Nd7 25. Bd6 g6 26. Bxf8 Kxf8 27. Nd6 Rcb8 28. b5 Nxc5 29. bxc6 Rxa1 30. Rxa1 Ne6 31. Ra7 Rd8 32. Nxf7 Rc8 33. Ne5 Rc7 34. Rxc7 Nxc7 35. f4 Ke7 36. Kf2 Kd6 37. Ke3 Ne6 38. g4 Nd8 39. Kd4 Ne6+ 40. Ke3 Nd8 41. Kd4 Ne6+ 42. Ke3 1/2-1/2

[Event "11th LCC Rapid 2019"]
[Site "London"]
[Date "2019.12.07"]
[Round "2.4"]
[White "Marusenko, Petr"]
[Black "Clarke, Brandon Gi"]
[Result "1/2-1/2"]
[WhiteElo "2085"]
[BlackElo "2380"]
[PlyCount "122"]
[EventDate "2019.12.08"]
[EventType "swiss"]
[EventCountry "ENG"]
[TimeControl "15+10"]
[WhiteClock "0:00:52"]
[BlackClock "0:04:52"]

1. d4 Nf6 2. c4 g6 3. Nc3 Bg7 4. g3 O-O 5. Bg2 d6 6. Nf3 Nbd7 7. O-O e5 8. h3 c6 9. e4 Qb6 10. b3 exd4 11. Na4 Qa5 12. Nxd4 Re8 13. Re1 Nxe4 14. Bd2 Qc7 15. Bf4 Nef6 16. c5 Ne5 17. cxd6 Qxd6 18. Nb2 Nfd7 19. Nc4 Qf8 20. Qe2 f6 21. Rad1 Nb6 22. Nxe5 fxe5 23. Nf3 Bg4 24. Be3 Bxf3 25. Bxf3 e4 26. Bg2 Nd5 27. Qc4 Qf5 28. Bd4 Bxd4 29. Rxd4 Qf7 30. Rdxe4 Nf6 31. Rxe8+ Rxe8 32. Rxe8+ Nxe8 33. Qxf7+ Kxf7 34. Kf1 Ke6 35. Ke2 Ke5 36. Ke3 g5 37. f4+ gxf4+ 38. gxf4+ Kd6 39. Ke4 a5 40. Kf5 Ng7+ 41. Kf6 Ne6 42. f5 Nf4 43. Bf1 b5 44. Kg7 Ke5 45. f6 Nh5+ 46. Kxh7 Kxf6 47. h4 Nf4 48. a4 bxa4 49. bxa4 Kf7 50. Kh6 Kg8 51. Bc4+ Kh8 52. Kg5 Ng2 53. h5 c5 54. Be6 Ne1 55. Kf4 Nd3+ 56. Ke4 Nb2 57. Bd7 Kg7 58. Bb5 Kh6 59. Kd5 c4 60. Kd4 Kxh5 61. Kc3 Nxa4+ 1/2-1/2

[Event "11th LCC Rapid 2019"]
[Site "London"]
[Date "2019.12.07"]
[Round "2.5"]
[White "Harvey, Marcus R"]
[Black "Mitra, Roman C"]
[Result "1-0"]
[WhiteElo "2412"]
[BlackElo "2132"]
[PlyCount "91"]
[EventDate "2019.12.08"]
[EventType "swiss"]
[EventCountry "ENG"]
[TimeControl "15+10"]
[WhiteClock "0:03:08"]
[BlackClock "0:13:05"]

1. Nf3 g6 2. e4 c5 3. c4 Bg7 4. Nc3 e5 5. h4 h6 6. d3 Ne7 7. Be3 d6 8. Qd2 Nbc6 9. Be2 a6 10. Bd1 Rb8 11. Ba4 Bd7 12. Nh2 Nd4 13. Bxd7+ Qxd7 14. Bxd4 cxd4 15. Ne2 O-O 16. h5 g5 17. g4 Rfc8 18. O-O b5 19. b3 Rc7 20. Ng3 bxc4 21. dxc4 Nc6 22. Nf5 Bf8 23. Nf3 f6 24. Ne1 a5 25. Nd3 Nb4 26. Nxb4 Rxb4 27. Rab1 Rcb7 28. Rb2 Qc6 29. Ng3 a4 30. Rfb1 Qc8 31. Qe2 Qb8 32. Qd3 Kf7 33. Kh2 Be7 34. Nf5 Bf8 35. Ng3 Be7 36. Kg2 Bf8 37. Nf1 Be7 38. Nd2 Bd8 39. a3 R4b6 40. b4 Rc6 41. Rc2 Qc8 42. Kh3 Qa8 43. Nf1 Qc8 44. Ng3 Rbc7 45. Nf5 Rxc4 46. Nxd6+ 1-0

[Event "11th LCC Rapid 2019"]
[Site "London"]
[Date "2019.12.07"]
[Round "2.6"]
[White "Walker, Samuel A"]
[Black "Haydon, David L"]
[Result "0-1"]
[WhiteElo "2039"]
[BlackElo "2294"]
[PlyCount "60"]
[EventDate "2019.12.08"]
[EventType "swiss"]
[EventCountry "ENG"]
[TimeControl "15+10"]
[WhiteClock "0:09:44"]
[BlackClock "0:05:40"]

1. Nf3 c6 2. b3 d5 3. Bb2 Nf6 4. g3 e6 5. Bg2 Bd6 6. O-O O-O 7. c4 Nbd7 8. Nc3 b6 9. d3 Bb7 10. Rc1 a6 11. Qc2 Qe7 12. e4 dxe4 13. Nxe4 Nxe4 14. dxe4 e5 15. Rcd1 Rad8 16. Rd2 f6 17. Bh3 c5 18. Nh4 g6 19. Rfd1 Nb8 20. Qd3 Nc6 21. Qxd6 Rxd6 22. Rxd6 Rd8 23. Rxd8+ Nxd8 24. Rd7 Qe8 25. Rc7 Bxe4 26. f4 Ne6 27. Ra7 Nd4 28. Rc7 f5 29. Bg2 Bxg2 30. Nxg2 exf4 0-1

[Event "11th LCC Rapid 2019"]
[Site "London"]
[Date "2019.12.07"]
[Round "2.7"]
[White "Cordes, Hans-Joerg"]
[Black "O'Gorman, Tom"]
[Result "0-1"]
[WhiteElo "2207"]
[BlackElo "2001"]
[PlyCount "86"]
[EventDate "2019.12.08"]
[EventType "swiss"]
[EventCountry "ENG"]
[TimeControl "15+10"]
[WhiteClock "0:02:17"]
[BlackClock "0:01:57"]

1. d4 Nf6 2. c4 g6 3. Nc3 Bg7 4. e4 d6 5. f3 O-O 6. Nge2 c5 7. d5 e6 8. Ng3 exd5 9. cxd5 Nbd7 10. Be2 a6 11. a4 Qb6 12. O-O h5 13. a5 Qc7 14. Be3 b5 15. axb6 Qxb6 16. Qd2 Re8 17. Rfb1 Qb8 18. Bf1 Ne5 19. h3 Bxh3 20. Rxa6 Rxa6 21. Bxa6 Bd7 22. Bf1 h4 23. Nh1 h3 24. Nf2 Nh5 25. f4 hxg2 26. Be2 Qd8 27. fxe5 Qh4 28. Bg5 Qg3 29. Qe3 Qxe5 30. Kxg2 f6 31. Bxh5 fxg5 32. Bxg6 Rf8 33. Nd3 Qf6 34. Bh5 g4 35. Ne2 Bh6 36. Qg3 Qg5 37. Rf1 Qxh5 38. Rxf8+ Bxf8 39. Nef4 Qg5 40. b3 Bg7 41. Kf2 Bb5 42. Ne2 Qf6+ 43. Kg2 Qf3+ 0-1

[Event "11th LCC Rapid 2019"]
[Site "London"]
[Date "2019.12.07"]
[Round "2.8"]
[White "Stoyanov, Viktor"]
[Black "Fernandez, Michael"]
[Result "1/2-1/2"]
[WhiteElo "2272"]
[BlackElo "2186"]
[PlyCount "100"]
[EventDate "2019.12.08"]
[EventType "swiss"]
[EventCountry "ENG"]
[TimeControl "15+10"]
[WhiteClock "0:01:10"]
[BlackClock "0:01:30"]

1. e4 c6 2. c4 d5 3. exd5 cxd5 4. cxd5 Nf6 5. Bb5+ Nbd7 6. Nc3 a6 7. Be2 Nb6 8. Nf3 Nbxd5 9. O-O e6 10. Ne5 Bd6 11. d4 Qc7 12. Qa4+ Nd7 13. Nxd5 exd5 14. Bf3 O-O 15. Bxd5 Nxe5 16. dxe5 Bxe5 17. g3 Bh3 18. Re1 Rfe8 19. Bf4 Re7 20. Bg5 Ree8 21. Rac1 Qd7 22. Qb3 Bxb2 23. Rxe8+ Rxe8 24. Rd1 Bf6 25. Bxf6 gxf6 26. Bg2 b5 27. Bxh3 Qxh3 28. Qf3 Qe6 29. Rd4 f5 30. Rf4 Qxa2 31. Rxf5 Qb1+ 32. Kg2 Qe4 33. Rxf7 Qxf3+ 34. Rxf3 b4 35. Rf6 Ra8 36. Rb6 a5 37. f4 Kf7 38. Kf3 Ke7 39. Ke4 Kd7 40. Kd5 Kc7 41. Rb5 Rd8+ 42. Kc4 Rd2 43. Rxa5 Rxh2 44. Kxb4 h5 45. Kc5 h4 46. gxh4 Rxh4 47. Ra4 Rh5+ 48. Kd4 Kd6 49. Ra6+ Ke7 50. Ke4 Kf7 1/2-1/2

[Event "11th LCC Rapid 2019"]
[Site "London"]
[Date "2019.12.07"]
[Round "2.9"]
[White "Ilfeld, Etan"]
[Black "Myall, Ivan J"]
[Result "1/2-1/2"]
[WhiteElo "2188"]
[BlackElo "1994"]
[PlyCount "90"]
[EventDate "2019.12.08"]
[EventType "swiss"]
[EventCountry "ENG"]
[TimeControl "15+10"]

1. e4 e5 2. Nf3 Nc6 3. Bb5 Bc5 4. O-O Nd4 5. Nxd4 Bxd4 6. c3 Bb6 7. d4 c6 8. Be2 d6 9. Na3 Nf6 10. Qd3 Qe7 11. dxe5 dxe5 12. Nc4 Bc7 13. Bg5 h6 14. Bh4 g5 15. Bg3 h5 16. h4 b5 17. Ne3 Ng4 18. hxg5 Qxg5 19. Rad1 h4 20. f4 exf4 21. Bxf4 Bxf4 22. Rxf4 Nxe3 23. Qxe3 h3 24. g3 h2+ 25. Kh1 Rh3 26. Rf3 Qxe3 27. Rxe3 Be6 28. Bf1 Rh6 29. b3 Ke7 30. Rd2 Rah8 31. Ree2 Rg6 32. Re3 Bh3 33. Bd3 Rhg8 34. Kxh2 Be6 35. Bf1 Rh8+ 36. Kg1 Rhg8 37. Kf2 Rf6+ 38. Rf3 Rh6 39. Bg2 a5 40. Rfd3 Rf6+ 41. Rf3 Rh6 42. Ke3 Rhg6 43. Kf2 Rh6 44. Rfd3 Rf6+ 45. Rf3 Rh6 1/2-1/2

[Event "11th LCC Rapid 2019"]
[Site "London"]
[Date "2019.12.07"]
[Round "2.10"]
[White "Rahman, Asad"]
[Black "Mihalik, Agoston"]
[Result "0-1"]
[WhiteElo "2200"]
[BlackElo "2196"]
[PlyCount "104"]
[EventDate "2019.12.08"]
[EventType "swiss"]
[EventCountry "ENG"]
[TimeControl "15+10"]
[WhiteClock "0:02:08"]
[BlackClock "0:09:00"]

1. e4 c5 2. Nf3 d6 3. d4 cxd4 4. Nxd4 Nf6 5. Nc3 a6 6. Bg5 Nbd7 7. Qd2 h6 8. Be3 Ng4 9. O-O-O Nxe3 10. Qxe3 e6 11. f4 Qc7 12. Kb1 Be7 13. f5 Ne5 14. fxe6 fxe6 15. Be2 O-O 16. h4 b5 17. Rdf1 Nc4 18. Bxc4 Qxc4 19. Rxf8+ Bxf8 20. g4 b4 21. Nce2 e5 22. Nf5 Bxf5 23. gxf5 Be7 24. Qd3 Qxd3 25. cxd3 Rd8 26. d4 exd4 27. Nxd4 Bf6 28. Nc6 Re8 29. Re1 Bxh4 30. Re2 a5 31. Nxa5 Rc8 32. Nb7 Bg3 33. Rg2 Be5 34. Rg6 Bf4 35. b3 Rc1+ 36. Kb2 Rc6 37. Nd8 Rc8 38. Ne6 Be5+ 39. Kb1 Kf7 40. Rg2 Rc3 41. Nd8+ Kg8 42. Rc2 h5 43. Rxc3 Bxc3 44. Ne6 Be5 45. a3 bxa3 46. b4 h4 47. b5 h3 48. b6 h2 49. b7 h1=Q+ 50. Ka2 Qa1+ 51. Kb3 Qb2+ 52. Kc4 Qxb7 0-1

[Event "11th LCC Rapid 2019"]
[Site "London"]
[Date "2019.12.07"]
[Round "2.11"]
[White "Richardson, John R"]
[Black "Makkar, Rajat"]
[Result "0-1"]
[WhiteElo "2241"]
[BlackElo "2137"]
[PlyCount "50"]
[EventDate "2019.12.08"]
[EventType "swiss"]
[EventCountry "ENG"]
[TimeControl "15+10"]
[WhiteClock "0:06:40"]
[BlackClock "0:02:52"]

1. d4 d5 2. c4 c6 3. Nc3 Nf6 4. Nf3 e6 5. e3 Nbd7 6. Qc2 Bd6 7. Bd3 dxc4 8. Bxc4 b5 9. Bd3 O-O 10. e4 e5 11. O-O Bb7 12. Bg5 exd4 13. e5 Nxe5 14. Bxh7+ Kh8 15. Nxd4 g6 16. Rad1 Kxh7 17. Ne4 Neg4 18. Nf5 Bxh2+ 19. Kh1 Qc7 20. Nxf6+ Nxf6 21. Bxf6 Be5 22. Be7 Rh8 23. Bd6 Kg8+ 24. Kg1 Bh2+ 25. Bxh2 Qxh2# 0-1

[Event "11th LCC Rapid 2019"]
[Site "London"]
[Date "2019.12.07"]
[Round "2.12"]
[White "Karumazondo, Ragarirai Ernest"]
[Black "Abrahams, Daniel"]
[Result "0-1"]
[WhiteElo "1900"]
[BlackElo "2176"]
[PlyCount "118"]
[EventDate "2019.12.08"]
[EventType "swiss"]
[EventCountry "ENG"]
[TimeControl "15+10"]
[WhiteClock "0:11:22"]
[BlackClock "0:00:14"]

1. e4 c5 2. d4 cxd4 3. c3 d5 4. exd5 Nf6 5. Nf3 Qxd5 6. cxd4 e6 7. Bd3 Be7 8. Nc3 Qh5 9. O-O O-O 10. Bf4 Rd8 11. Re1 Nc6 12. a3 b6 13. Rc1 Bb7 14. Bb1 Rd7 15. h3 Rad8 16. Ne2 h6 17. Be5 Nxe5 18. Nxe5 Rd5 19. Qc2 Rxe5 20. dxe5 Qxe5 21. Qc7 Qd5 22. Nf4 Qd7 23. Qxd7 Rxd7 24. Red1 Rxd1+ 25. Rxd1 g5 26. Nd3 Nd5 27. g3 Bf6 28. Rd2 Kf8 29. Nb4 Nxb4 30. axb4 Ke7 31. Bd3 Be5 32. Kf1 Bd6 33. b5 Bd5 34. Ke2 f5 35. g4 f4 36. f3 Kf6 37. Be4 Bc4+ 38. Bd3 Bd5 39. Rc2 Ke5 40. Rc8 Kd4 41. Rd8 Be5 42. Be4 Kc5 43. Bxd5 exd5 44. b3 Bd4 45. Kd3 Bf2 46. Rd7 Kxb5 47. Rxa7 Kb4 48. Rh7 Kxb3 49. Rxh6 b5 50. Rd6 d4 51. Rd5 b4 52. Rxg5 Kb2 53. Kc4 Kc2 54. Rb5 d3 55. g5 Bd4 56. Rd5 b3 57. Rxd4 b2 58. Rxd3 b1=Q 59. h4 Qf1 0-1

[Event "11th LCC Rapid 2019"]
[Site "London"]
[Date "2019.12.07"]
[Round "2.13"]
[White "Willow, Jonah B"]
[Black "Royal, Shreyas"]
[Result "1-0"]
[WhiteElo "2355"]
[BlackElo "1941"]
[PlyCount "111"]
[EventDate "2019.12.08"]
[EventType "swiss"]
[EventCountry "ENG"]
[TimeControl "15+10"]

1. e4 e5 2. Nf3 Nc6 3. Nc3 Nf6 4. Bb5 Bb4 5. O-O O-O 6. d3 Bxc3 7. bxc3 d6 8. Bg5 Bg4 9. h3 Bh5 10. g4 Bg6 11. Nh4 h6 12. Bxf6 Qxf6 13. Nf5 Ne7 14. Nxe7+ Qxe7 15. Qf3 h5 16. Kg2 h4 17. Qe3 c6 18. Bc4 Rad8 19. Qxa7 d5 20. exd5 cxd5 21. Bb3 d4 22. cxd4 Rxd4 23. Rae1 Qc7 24. f4 Rxf4 25. Rxf4 exf4 26. Qf2 Qc6+ 27. Qf3 Rd8 28. Qxc6 bxc6 29. Kf3 Rd4 30. Re7 Kf8 31. Rc7 f5 32. Rxc6 fxg4+ 33. Kxg4 Be8 34. Rc4 Rxc4 35. Bxc4 Bd7+ 36. Kxf4 Bxh3 37. Kg5 Ke7 38. Kxh4 Bd7 39. Kg5 Be8 40. d4 Kd6 41. Bb3 Kc7 42. Kf5 Kd6 43. c4 Bh5 44. Kg5 Be8 45. c5+ Kc7 46. d5 Kd8 47. d6 Kc8 48. Be6+ Kd8 49. a3 Bc6 50. Kg6 Be8+ 51. Kxg7 Bc6 52. Kf6 Ba4 53. Ke5 Bb5 54. Kd5 Be8 55. c6 Bd7 56. c7+ 1-0

[Event "11th LCC Rapid 2019"]
[Site "London"]
[Date "2019.12.07"]
[Round "2.14"]
[White "Ortiz Sanchez, Luis"]
[Black "Salem, Ihab"]
[Result "0-1"]
[WhiteElo "1947"]
[BlackElo "2071"]
[PlyCount "124"]
[EventDate "2019.12.08"]
[EventType "swiss"]
[EventCountry "ENG"]
[TimeControl "15+10"]

1. e4 e5 2. Nf3 Nc6 3. d4 exd4 4. Nxd4 Nf6 5. Nxc6 bxc6 6. Qe2 Bb4+ 7. c3 Be7 8. e5 Nd5 9. c4 Bb4+ 10. Nd2 Ne7 11. Qe4 d5 12. exd6 Bxd6 13. Be2 Bf5 14. Qf3 O-O 15. O-O Rb8 16. Nb3 Re8 17. Be3 Qd7 18. Rad1 Bc2 19. Rd2 Bxb3 20. axb3 Qf5 21. Bxa7 Qxf3 22. Bxf3 Rxb3 23. Re2 Ra8 24. c5 Rxa7 25. cxd6 cxd6 26. Bxc6 g6 27. Rfe1 Nxc6 28. h4 Rab7 29. Rc1 Ne5 30. Rc8+ Kg7 31. Rd8 R7b6 32. Rc2 h5 33. Rc7 Rxb2 34. Re8 Rb7 35. Rcc8 Rb1+ 36. Kh2 Ng4+ 37. Kg3 d5 38. f3 Nf6 39. Red8 Rd1 40. Kf4 Rd2 41. g4 hxg4 42. fxg4 Rb4+ 43. Ke3 Rh2 44. g5 Rb3+ 45. Kd4 Rxh4+ 46. Ke5 Re4+ 47. Kd6 Re6+ 48. Kc5 Rc3+ 49. Kb4 Rxc8 50. gxf6+ Kxf6 51. Rxc8 g5 52. Kc5 Ke5 53. Rh8 f5 54. Rh1 f4 55. Re1+ Kf5 56. Rg1 g4 57. Kd4 f3 58. Kxd5 Re8 59. Kd4 Kf4 60. Rh1 f2 61. Rh7 Kg3 62. Rf7 Kg2 0-1

[Event "11th LCC Rapid 2019"]
[Site "London"]
[Date "2019.12.07"]
[Round "2.15"]
[White "Harakis, Alexis M"]
[Black "Kerr, Duncan"]
[Result "1-0"]
[WhiteElo "2267"]
[BlackElo "1902"]
[PlyCount "105"]
[EventDate "2019.12.08"]
[EventType "swiss"]
[EventCountry "ENG"]
[TimeControl "15+10"]
[WhiteClock "0:00:13"]
[BlackClock "0:02:50"]

1. d4 Nf6 2. c4 e6 3. Nc3 Bb4 4. Nf3 O-O 5. Bg5 h6 6. Bh4 c5 7. Rc1 cxd4 8. Nxd4 b6 9. a3 Be7 10. e4 Bb7 11. e5 Ne8 12. Bxe7 Qxe7 13. Ndb5 a6 14. Nd6 Nxd6 15. Qxd6 Qg5 16. Rd1 Nc6 17. h4 Qxe5+ 18. Qxe5 Nxe5 19. f4 Ng4 20. Rxd7 Bc6 21. Rd6 Rac8 22. Be2 Ne3 23. Kf2 Nf5 24. Rd2 Rfd8 25. Rhd1 Rxd2 26. Rxd2 Nxh4 27. g4 g5 28. fxg5 hxg5 29. b4 Kf8 30. Nd1 Ke7 31. Ne3 Ng6 32. b5 axb5 33. cxb5 Be4 34. Nc4 Rb8 35. Rd6 Ra8 36. Rxb6 Bd5 37. Ra6 Rb8 38. Ra7+ Kf6 39. Ne3 Be4 40. a4 Ne5 41. a5 Nd3+ 42. Bxd3 Bxd3 43. b6 Be4 44. Nc4 Bd5 45. Nd6 Ke5 46. Rd7 f5 47. b7 fxg4 48. a6 Rf8+ 49. Nf7+ Kf6 50. a7 Bxb7 51. Rxb7 Ra8 52. Nd6 Ke5 53. Nc4+ 1-0

[Event "11th LCC Rapid 2019"]
[Site "London"]
[Date "2019.12.07"]
[Round "2.16"]
[White "Onslow, Teddy"]
[Black "Johnson, Daniel"]
[Result "0-1"]
[WhiteElo "1746"]
[BlackElo "2144"]
[PlyCount "112"]
[EventDate "2019.12.08"]
[EventType "swiss"]
[EventCountry "ENG"]
[TimeControl "15+10"]
[WhiteClock "0:03:05"]
[BlackClock "0:00:30"]

1. d4 Nf6 2. Bf4 d5 3. e3 c5 4. c3 Nc6 5. Nd2 Bf5 6. Ngf3 e6 7. h3 h6 8. Be2 Bd6 9. Bxd6 Qxd6 10. O-O O-O 11. Nh2 e5 12. Ng4 cxd4 13. Nxf6+ Qxf6 14. cxd4 exd4 15. Nf3 dxe3 16. Qxd5 Qxb2 17. Qxf5 Qxe2 18. fxe3 Qxe3+ 19. Kh1 Rad8 20. Rae1 Qa3 21. Rf2 Qd3 22. Qg4 Rfe8 23. Ref1 Re2 24. Qf4 Rxf2 25. Rxf2 Qd1+ 26. Ng1 Qd5 27. Ne2 Ne5 28. Rf1 Ng6 29. Qc7 Rf8 30. Nc3 Qd3 31. Rd1 Qc2 32. Rd8 Rxd8 33. Qxd8+ Kh7 34. Qd4 Qc1+ 35. Nd1 b5 36. Qd3 b4 37. Kh2 Qf4+ 38. g3 Qe5 39. h4 h5 40. Kg2 a5 41. Nf2 a4 42. Qc4 Qe6 43. Qxb4 Qxa2 44. Qc5 Qe2 45. Qf5 a3 46. Qb1 Qb2 47. Qf5 a2 48. Qxh5+ Kg8 49. Qd5 a1=Q 50. h5 Nf8 51. h6 Qf6 52. h7+ Nxh7 53. Ng4 Qab2+ 54. Kh3 Ng5+ 55. Kh4 Nf3+ 56. Kh3 Ng1# 0-1

[Event "11th LCC Rapid 2019"]
[Site "London"]
[Date "2019.12.07"]
[Round "2.17"]
[White "Kuzhelev, Timur"]
[Black "Willmoth, Robert F"]
[Result "0-1"]
[WhiteElo "1745"]
[BlackElo "2111"]
[PlyCount "104"]
[EventDate "2019.12.08"]
[EventType "swiss"]
[EventCountry "ENG"]
[TimeControl "15+10"]
[WhiteClock "0:12:30"]
[BlackClock "0:13:39"]

1. e4 d6 2. d4 Nf6 3. f3 c5 4. d5 e6 5. c4 b5 6. cxb5 Bb7 7. Nc3 exd5 8. exd5 Nbd7 9. Nge2 Qe7 10. Bg5 h6 11. Bxf6 Nxf6 12. Qd2 g6 13. O-O-O Bg7 14. Ng3 O-O 15. Nge4 a6 16. bxa6 Bxa6 17. Bxa6 Nxe4 18. Qe2 Qg5+ 19. Kc2 Nxc3 20. bxc3 Rfe8 21. Qf1 Qe5 22. Qd3 Rxa6 23. Rhe1 Rxa2+ 24. Kb3 Re2 25. Rxe2 Qxe2 26. Qxe2 Rxe2 27. Kc4 Rxg2 28. Kb5 Rxh2 29. Kc6 Be5 30. Re1 Rc2 31. Re4 g5 32. c4 Kf8 33. Kd7 f5 34. Re1 Rxc4 35. Ke6 Rb4 36. Re2 Ra4 37. Kxf5 Kf7 38. Rxe5 dxe5 39. Kxe5 Ke7 40. f4 gxf4 41. d6+ Kd7 42. Kd5 Rd4+ 43. Kxc5 Rxd6 44. Kc4 Kc6 45. Kc3 Kc5 46. Kc2 Kc4 47. Kb2 Rd3 48. Kc2 f3 49. Kb2 Rc3 50. Ka2 Kb4 51. Kb2 f2 52. Ka2 Rb3 0-1

[Event "11th LCC Rapid 2019"]
[Site "London"]
[Date "2019.12.07"]
[Round "2.18"]
[White "Stewart, Ashley"]
[Black "Sandhu, Manvith"]
[Result "1-0"]
[WhiteElo "2172"]
[BlackElo "1673"]
[PlyCount "91"]
[EventDate "2019.12.08"]
[EventType "swiss"]
[EventCountry "ENG"]
[TimeControl "15+10"]
[WhiteClock "0:04:57"]
[BlackClock "0:03:13"]

1. d4 d5 2. c4 c6 3. Nf3 Nf6 4. e3 e6 5. Nbd2 Nbd7 6. Bd3 Bb4 7. O-O O-O 8. e4 dxe4 9. Nxe4 Nxe4 10. Bxe4 Nf6 11. Bc2 Be7 12. Bg5 h6 13. Bh4 b5 14. cxb5 cxb5 15. Qd3 g6 16. Qxb5 a5 17. Rfd1 Ba6 18. Qe5 Nd5 19. Bxe7 Qxe7 20. Bd3 Bxd3 21. Rxd3 Nb4 22. Rc3 Rfc8 23. Rxc8+ Rxc8 24. Qxa5 Nd5 25. Qd2 Qc7 26. Qxh6 Nf4 27. h3 Ne2+ 28. Kh1 Qd7 29. Qd2 Nxd4 30. Qxd4 Qc7 31. Rd1 Qa5 32. a3 Qf5 33. Qh4 Qc2 34. Rd8+ Rxd8 35. Qxd8+ Kg7 36. Qd2 Qb1+ 37. Kh2 Qf5 38. Qd4+ Kg8 39. Ne5 f6 40. Nd7 e5 41. Qg4 Qc2 42. Qe6+ Kh7 43. Nxf6+ Kg7 44. Qe7+ Kh6 45. Ng8+ Kh5 46. g4# 1-0

[Event "11th LCC Rapid 2019"]
[Site "London"]
[Date "2019.12.07"]
[Round "2.19"]
[White "Orgler, Philipp"]
[Black "Dupuis, Denis K"]
[Result "0-1"]
[WhiteElo "2056"]
[BlackElo "1599"]
[PlyCount "81"]
[EventDate "2019.12.08"]
[EventType "swiss"]
[EventCountry "ENG"]
[TimeControl "15+10"]
[WhiteClock "0:04:29"]

1. b3 e5 2. Bb2 Nc6 3. e3 d5 4. Bb5 Bd6 5. Nf3 Qe7 6. d4 e4 7. Ne5 Bxe5 8. dxe5 a6 9. Bxc6+ bxc6 10. O-O Nh6 11. c4 Be6 12. Qc2 O-O 13. Ba3 Qg5 14. Bxf8 Rxf8 15. cxd5 cxd5 16. Nc3 Qxe5 17. Rae1 Ng4 18. f4 exf3 19. gxf3 Nxe3 20. Qd3 Qg5+ 21. Kf2 Nxf1 22. Rxf1 Qh4+ 23. Kg1 c5 24. Ne2 c4 25. Qd2 Rc8 26. bxc4 dxc4 27. Ng3 c3 28. Qe3 Qb4 29. Ne4 c2 30. Rc1 Bxa2 31. Qf4 Qd4+ 32. Kg2 Be6 33. h4 f5 34. Qd6 Qxd6 35. Nxd6 Rd8 36. Nb7 Rd2+ 37. Kg3 Bc4 38. Nc5 Rd5 39. Na4 Bb3 40. Nc3 Rd1 41. Nb1 0-1